 Dungeon Crawl Stone Soup version 0.28-a0-1518-gbe868bca14 (webtiles) character file.

Game seed: 4736305730635602549

1435 oldriver the Slasher (level 8, 0/67 HPs)
             Began as a Gnoll Cinder Acolyte on Jan 16, 2022.
             Was a High Priest of Ignis.
             Slain by Maggie (19 damage)
             ... on level 6 of the Dungeon.
             The game lasted 00:08:14 (6758 turns).

oldriver the Slasher (Gnoll Cinder Acolyte)         Turns: 6758, Time: 00:08:15

Health: 0/67       AC:  6    Str: 15    XL:     8   Next: 73%
Magic:  6/14       EV: 15    Int: 21    God:    Ignis [*****.]
Gold:   246        SH:  0    Dex:  7    Spells: 11/16 levels left

rFire   + . .      SeeInvis .   q - +2 halberd (venom)
rCold   . . .      Faith    .   (shield currently unavailable)
rNeg    . . .      Spirit   .   k - +0 ring mail
rPois   .          Reflect  .   i - +1 hat
rElec   .          Harm     .   (no cloak)
rCorr   .          Rampage  .   (no gloves)
Will    .....                   (no boots)
Stlth   +.........              (no amulet)
HPRegen 0.21/turn               v - +4 ring of evasion
MPRegen 0.14/turn               w - +6 ring of intelligence

@: no status effects
A: fangs 1, strong nose, distributed training
a: Renounce Religion, Fiery Armour, Foxfire Swarm, Rising Flame


You were on level 6 of the Dungeon.
You worshipped Ignis.
Ignis was extremely pleased with you.
You visited 1 branch of the dungeon, and saw 6 of its levels.

You collected 246 gold pieces.

Inventory:

Hand Weapons
 a - a -1 falchion of flaming
 e - a +2 short sword of venom
 p - a +3 long sword of freezing
 q - a +2 halberd of venom (weapon)
Missiles
 l - 4 javelins
Armour
 i - a +1 hat (worn)
 k - a +0 ring mail (worn)
Jewellery
 v - a +4 ring of evasion (left hand)
 w - a +6 ring of intelligence (right hand)
Scrolls
 c - 3 scrolls of fog {unknown}
 d - a scroll of summoning {unknown}
 g - 3 scrolls of identify {unknown}
 h - a scroll of holy word {unknown}
 m - a scroll of fear {unknown}
 o - a scroll of amnesia {unknown}
 r - a scroll of blinking {unknown}
 t - 2 scrolls of magic mapping {unknown}
Potions
 b - 2 potions of mutation {unknown}
 f - a potion of might {unknown}
 j - a potion of haste {unknown}
 n - a potion of resistance {unknown}
 s - a potion of curing {unknown}
 u - 2 potions of heal wounds {unknown}


   Skills:
 + Level 7.5 Fighting
 + Level 3.5 Short Blades
 + Level 7.5 Long Blades
 + Level 3.5 Axes
 + Level 3.5 Maces & Flails
 + Level 3.5 Polearms
 + Level 3.5 Staves
 + Level 3.5 Slings
 + Level 3.5 Bows
 + Level 3.5 Crossbows
 + Level 3.5 Throwing
 + Level 3.5 Armour
 + Level 3.5 Dodging
 + Level 3.5 Stealth
 + Level 3.5 Shields
 + Level 3.5 Unarmed Combat
 + Level 4.5 Spellcasting
 + Level 2.9 Conjurations
 + Level 2.9 Hexes
 + Level 2.9 Summonings
 + Level 2.9 Necromancy
 + Level 2.9 Translocations
 + Level 2.9 Transmutations
 + Level 6.2 Fire Magic
 + Level 2.9 Ice Magic
 + Level 2.9 Air Magic
 + Level 2.9 Earth Magic
 + Level 2.9 Poison Magic
 + Level 3.9 Invocations
 + Level 3.5 Evocations


You had 11 spell levels left.
You knew the following spells:

 Your Spells              Type           Power      Damage    Failure   Level
a - Scorch                Fire           62%        2d8       2%          2
b - Sandblast             Erth           34%        2d9       7%          1
c - Passwall              Tmut/Erth      14%        N/A       10%         2

Your spell library contained the following spells:

 Spells                   Type           Power      Damage    Failure   Level
 Static Discharge         Conj/Air       17%        N/A       10%         2
 Stone Arrow              Conj/Erth      34%        3d9       21%         3
 Sticky Flame             Conj/Fire      24%        2d5       32%         4
 Dispel Undead            Necr           17%        3d10      54%         4
 Borgnjor's Revivificati  Necr           8%         N/A       100%        8
 Necromutation            Tmut/Necr      8%         N/A       100%        8
 Death's Door             Necr           8%         N/A       100%        9


Dungeon Overview and Level Annotations

Branches:
Dungeon (6/15)             Temple (0/1) D:5

Altars:
Okawaru

Annotations:
D:6 Maggie


Innate Abilities, Weirdness & Mutations

You have very sharp teeth.
Your uncanny sense of smell can sniff out nearby items.
Your experience applies equally to all skills.


Message History

You slash Maggie! You bite Maggie, but do no damage.
Maggie is lightly wounded.
Maggie zaps a wand.
You resist with some effort. Maggie misses you.
You hit Maggie.
Maggie is moderately wounded.
Maggie closely misses you.
You puncture Maggie! Your bite misses Maggie.
Maggie is heavily wounded.
Maggie hits you with a +1 morningstar of flaming!
You hit Maggie.
Maggie is heavily wounded.
Maggie zaps a wand.
You suddenly lose the ability to move!
Maggie hits you with a +1 morningstar of flaming!
Maggie burns you.
Maggie hits you with a +1 morningstar of flaming!
* * * LOW HITPOINT WARNING * * *
You can move again.
Okay, then.
You hit Maggie but do no damage.
Maggie is heavily wounded.
Maggie zaps a wand.
You shrug off the repeated paralysis!
You are too injured to fight recklessly!
You barely miss Maggie.
Maggie is heavily wounded.
You break out of your daze.
Maggie casts a spell at you. The bolt of fire misses you.
Your magical contamination has completely faded away.
Casting: Scorch (safe; 2% risk of failure)
Confirm with . or Enter, or press ? or * to list all spells.
Flames lash Maggie.
Maggie is severely wounded.
Maggie's fire resistance burns away.
Maggie zaps a wand.
You resist with some effort.
Casting: Scorch (safe; 2% risk of failure)
Confirm with . or Enter, or press ? or * to list all spells.
Flames lash Maggie.
Maggie is burned terribly!
Maggie is almost dead.
Maggie hits you with a +1 morningstar of flaming!!
You die...

. ....
.#..#.#
.#..#.#
...#.#
#..#.#
#..#.#
#.@#.#
#.@#.#
#.##...####
#......<..#
#.#########
#


You could see Maggie (combustible).

Vanquished Creatures
  Grinder (D:3)
  Sigmund (D:2)
  A water moccasin (D:4)
  A black bear (D:5)
  2 ogres
  A water moccasin zombie (D:5)
  4 wights (D:4)
  A bullfrog zombie (D:4)
  A jelly (D:5)
  2 hounds (D:4)
  An orc priest (D:4)
  A gnoll shaman (D:5)
  An orc wizard (D:3)
  A howler monkey skeleton (D:5)
  7 adders
  15 gnolls
  A shadow imp (D:5)
  An adder skeleton (D:4)
  3 worms
  2 dart slugs (D:1)
  5 orcs
  7 ball pythons
  6 bats
  5 endoplasms
  3 giant cockroaches
  4 goblins
  8 hobgoblins
  3 jackals
  7 kobolds
  4 quokkas
  A frilled lizard (D:2)
  A rat (D:2)
102 creatures vanquished.

Vanquished Creatures (others)
  A plant (D:5)
1 creature vanquished.

Grand Total: 103 creatures vanquished

Notes
Turn   | Place    | Note
-------+----------+-------------------------------------------
     0 | D:1      | oldriver the Gnoll Cinder Acolyte began the quest for the
                  | Orb.
     0 | D:1      | Reached XP level 1. HP: 23/23 MP: 4/4
   121 | D:1      | Found a faded altar of an unknown god.
   127 | D:1      | Reached XP level 2. HP: 28/29 MP: 5/5
   543 | D:1      | Learned a level 2 spell: Scorch
   545 | D:1      | Learned a level 1 spell: Sandblast
   548 | D:1      | Learned a level 2 spell: Passwall
   571 | D:1      | Reached XP level 3. HP: 28/35 MP: 1/7
  1187 | D:2      | Noticed Sigmund
  1229 | D:2      | Killed Sigmund
  1230 | D:2      | Reached skill level 1 in Short Blades
  1230 | D:2      | Reached skill level 1 in Axes
  1230 | D:2      | Reached skill level 1 in Maces & Flails
  1230 | D:2      | Reached skill level 1 in Polearms
  1230 | D:2      | Reached skill level 1 in Staves
  1230 | D:2      | Reached skill level 1 in Slings
  1230 | D:2      | Reached skill level 1 in Bows
  1230 | D:2      | Reached skill level 1 in Crossbows
  1230 | D:2      | Reached skill level 1 in Throwing
  1230 | D:2      | Reached skill level 1 in Armour
  1230 | D:2      | Reached skill level 1 in Dodging
  1230 | D:2      | Reached skill level 1 in Stealth
  1230 | D:2      | Reached skill level 1 in Shields
  1230 | D:2      | Reached skill level 1 in Unarmed Combat
  1230 | D:2      | Reached skill level 1 in Conjurations
  1230 | D:2      | Reached skill level 1 in Hexes
  1230 | D:2      | Reached skill level 1 in Summonings
  1230 | D:2      | Reached skill level 1 in Necromancy
  1230 | D:2      | Reached skill level 1 in Translocations
  1230 | D:2      | Reached skill level 1 in Transmutations
  1230 | D:2      | Reached skill level 1 in Ice Magic
  1230 | D:2      | Reached skill level 1 in Air Magic
  1230 | D:2      | Reached skill level 1 in Earth Magic
  1230 | D:2      | Reached skill level 1 in Poison Magic
  1230 | D:2      | Reached skill level 1 in Invocations
  1230 | D:2      | Reached skill level 1 in Evocations
  1230 | D:2      | Reached XP level 4. HP: 24/41 MP: 1/8
  1230 | D:2      | Reached XP level 5. HP: 28/47 MP: 1/9
  1751 | D:2      | Found an iron altar of Okawaru.
  2154 | D:3      | Noticed an ogre
  2324 | D:3      | Noticed Grinder
  2336 | D:3      | Paralysed by Grinder for 7 turns
  2344 | D:3      | Killed Grinder
  2345 | D:3      | Reached XP level 6. HP: 32/53 MP: 0/11
  2796 | D:3      | Reached XP level 7. HP: 59/59 MP: 5/12
  4367 | D:4      | Reached XP level 8. HP: 67/67 MP: 5/14
  5041 | D:5      | Entered Level 5 of the Dungeon
  6215 | D:5      | Found a staircase to the Ecumenical Temple.
  6743 | D:6      | Noticed Maggie
  6753 | D:6      | Paralysed by Maggie for 2 turns
  6758 | D:6      | Slain by Maggie

Illustrated notes

Levels and vault maps discovered:
D:1:      erik_arrival_orb_chamber, layout_rooms, shapermc_ecumenical_altar_venn
D:2:      layout_loops_ring, basic_altar, kennysheep_generic_room_8,
          uniq_sigmund
D:3:      layout_basic, saegor_snake_ambush, uniq_grinder
D:4:      layout_loops_ring, kennysheep_small_circle
D:5:      layout_layer_cave, minmay_temple_entry_mini_moons, serial_bayou_pond_a
D:6:      layout_basic, lemuel_tele_altar, uniq_pikel, uniq_maggie,
          uniq_crazy_yiuf_cottage, uniq_menkaure

Skill      XL: |  1  2  3  4  5  6  7  8 |
---------------+-------------------------+-----
Short Blades   | 1 2 3 |  3.5
Axes           | 1 2 3 |  3.5
Maces & Flails | 1 2 3 |  3.5
Polearms       | 1 2 3 |  3.5
Staves         | 1 2 3 |  3.5
Slings         | 1 2 3 |  3.5
Bows           | 1 2 3 |  3.5
Crossbows      | 1 2 3 |  3.5
Throwing       | 1 2 3 |  3.5
Armour         | 1 2 3 |  3.5
Dodging        | 1 2 3 |  3.5
Stealth        | 1 2 3 |  3.5
Shields        | 1 2 3 |  3.5
Unarmed Combat | 1 2 3 |  3.5
Spellcasting   | 3 4 |  4.5
Conjurations   | 1 2 |  2.9
Hexes          | 1 2 |  2.9
Summonings     | 1 2 |  2.9
Necromancy     | 1 2 |  2.9
Translocations | 1 2 |  2.9
Transmutations | 1 2 |  2.9
Ice Magic      | 1 2 |  2.9
Air Magic      | 1 2 |  2.9
Earth Magic    | 1 2 |  2.9
Poison Magic   | 1 2 |  2.9
Invocations    | 1 2 3 |  3.9
Evocations     | 1 2 3 |  3.5
Fighting       | 7 |  7.5
Long Blades    | 7 |  7.5
Fire Magic     | 6 |  6.2

Action                   |  1- 3 |  4- 6 |  7- 9 || total
-------------------------+-------+-------+-------++-------
Melee: Falchion          |    38 |       |       ||    38
       Bite              |     1 |       |     2 ||     3
       Short sword       |     9 |    13 |     7 ||    29
       Halberd           |       |       |    20 ||    20
 Cast: Scorch            |    12 |    23 |   121 ||   156
  Use: Potion            |     1 |       |       ||     1
Armor: Robe              |    11 |     5 |       ||    16
       Ring mail         |       |       |    19 ||    19
Dodge: Dodged            |    29 |    11 |    60 ||   100

Table legend: (Time is in decaauts)
 A = Elapsed time spent in this place.
 B = Non-inter-level travel time spent in this place.
 C = Inter-level travel time spent in this place.
 D = Time resting spent in this place.
 E = Time spent auto-exploring this place.
 F = Levels seen in this place.
 G = Mean time per level.
                   A        B        C        D        E       F      G
               +--------+--------+--------+--------+--------+-----+--------+
         Total |   6787 |   6592 |    195 |   1073 |   4555 |   6 | 1131.2 |
       Dungeon |   6787 |   6592 |    195 |   1073 |   4555 |   6 | 1131.2 |
               +--------+--------+--------+--------+--------+-----+--------+

Top non-repeatable levels by time:
     D:5: 1550 daAuts
     D:2: 1543 daAuts
     D:4: 1491 daAuts
     D:3: 1359 daAuts
     D:1: 821 daAuts
     D:6: 20 daAuts
